 Dungeon Crawl Stone Soup version 0.30-a0-830-gfe289a77b0 (webtiles) character file.

Game seed: 7146514817093279493

90 Nacht the Digger (level 4, 30/30 HPs)
             Began as a Demonspawn Earth Elementalist on Feb 28, 2023.
             Quit the game on level 3 of the Dungeon.
             The game lasted 00:02:02 (1897 turns).

Nacht the Digger (Demonspawn Earth Elementalist)    Turns: 1897, Time: 00:02:02

Health: 30/30      AC: 10    Str:  8    XL:     4   Next: 32%
Magic:  6/7        EV: 12    Int: 19    God:
Gold:   91         SH:  0    Dex: 13    Spells: 1/7 levels left

rFire   . . .      SeeInvis +    (no weapon)
rCold   . . .      Faith    .    (no shield)
rNeg    . . .      Spirit   .    a - +0 robe
rPois   .          Reflect  .    c - +1 hat
rElec   .          Harm     .    (no cloak)
rCorr   .          Rampage  .    (no gloves)
Will    .....                    g - +0 pair of boots
Stlth   ++                       (no amulet)
HPRegen 0.25/turn                b - +4 ring of protection
MPRegen 0.10/turn                f - ring of see invisible

@: no status effects
A: molten scales 1, powered by death 1, spiny 1
a: no special abilities


You were on level 3 of the Dungeon.
You visited 1 branch of the dungeon, and saw 3 of its levels.

You collected 91 gold pieces.

Inventory:

Missiles
 q - 2 throwing nets
 s - 3 poisoned darts
Armour
 a - a +0 robe (worn)
 c - a +1 hat (worn)
 g - a +0 pair of boots (worn)
Jewellery
 b - a +4 ring of protection (left hand)
 f - a ring of see invisible (right hand)
 n - a +6 ring of strength
Scrolls
 e - 2 scrolls of identify {unknown}
 j - a scroll of amnesia {unknown}
 m - a scroll of acquirement {unknown}
 o - a scroll of enchant weapon {unknown}
 r - a scroll of brand weapon {unknown}
Potions
 h - 2 potions of lignification
 i - a potion of degeneration {unknown}
 k - a potion of mutation {unknown}
 l - 3 potions of haste {unknown}
 p - a potion of heal wounds {unknown}


   Skills:
 - Level 1.7 Dodging
 - Level 1.7 Stealth
 + Level 2.2 Spellcasting
 * Level 1.3 Conjurations
 - Level 0.8 Transmutations
 + Level 4.3 Earth Magic


You had one spell level left.
You knew the following spells:

 Your Spells              Type           Power      Damage    Failure   Level
a - Sandblast             Erth           36%        2d10      2%          1
b - Stone Arrow           Conj/Erth      24%        3d8       16%         3
w - Passwall              Tmut/Erth      9%         N/A       9%          2

Your spell library contained the following spells:

 Spells                   Type           Power      Damage    Failure   Level
 Petrify                  Tmut/Erth      11%        N/A       50%         4


Dungeon Overview and Level Annotations

Branches:
Dungeon (3/15)

Altars:


Innate Abilities, Weirdness & Mutations

You are partially covered in molten scales. (AC +2)
You regenerate a little health from kills.
You are partially covered in sharp spines.


Message History

Confirm with . or Enter, or press ? or * to list all spells.
You can't see any susceptible monsters within range! (Use Z to cast anyway.)
The jackal barks! x2
Casting: Sandblast (safe; 2% risk of failure)
Confirm with . or Enter, or press ? or * to list all spells.
Aiming: Sandblast (safe; 2% risk of failure)
Press: ? - help, Shift-Dir - straight line, f - jackal
Aim: a jackal (77% to hit)
The blast of sand hits the jackal!
You kill the jackal!
Casting: Sandblast (safe; 2% risk of failure)
Confirm with . or Enter, or press ? or * to list all spells.
Aiming: Sandblast (safe; 2% risk of failure)
Press: ? - help, Shift-Dir - straight line, f - jackal
Aim: a jackal (77% to hit)
The blast of sand hits the jackal!
You kill the jackal!
Casting: Sandblast (safe; 2% risk of failure)
Confirm with . or Enter, or press ? or * to list all spells.
You can't see any susceptible monsters within range! (Use Z to cast anyway.)
Found an escape hatch in the ceiling.
Found 7 stones.
An endoplasm comes into view.
An endoplasm is nearby!
An endoplasm is nearby!
An endoplasm is nearby!
The endoplasm quivers.
Found a ring mail.
You see here 10 gold pieces.
Casting: Sandblast (safe; 2% risk of failure)
Confirm with . or Enter, or press ? or * to list all spells.
Aiming: Sandblast (safe; 2% risk of failure)
Press: ? - help, Shift-Dir - straight line, f - endoplasm
Aim: an endoplasm (98% to hit)
The blast of sand hits the endoplasm!
You kill the endoplasm!
Casting: Sandblast (safe; 2% risk of failure)
Confirm with . or Enter, or press ? or * to list all spells.
You can't see any susceptible monsters within range! (Use Z to cast anyway.) Are you sure you want to abandon this character and quit the game? (Confirm with "yes".)

.## ####+##...
#.......# #.......#
#.......## #........#
[ #.......(#....
##.....@.......
###.....###......
#....##..........
######........<.......
#.........##.###.# ...
#...†.....##.# # ##
#.>.......##.#
#......#####.#
#......##


There were no monsters in sight!

Vanquished Creatures
  An iguana (D:3)
  An adder (D:2)
  2 dart slugs
  2 bats (D:1)
  6 endoplasms
  A giant cockroach (D:2)
  2 goblins
  5 hobgoblins
  2 jackals (D:3)
  2 quokkas (D:2)
  4 ball pythons (D:1)
  4 frilled lizards
  10 kobolds
  7 rats
49 creatures vanquished.

Vanquished Creatures (others)
  2 plants (D:2)
2 creatures vanquished.

Grand Total: 51 creatures vanquished

Notes
Turn   | Place    | Note
-------+----------+-------------------------------------------
     0 | D:1      | Nacht the Demonspawn Earth Elementalist began the quest for
                  | the Orb.
     0 | D:1      | Reached XP level 1. HP: 13/13 MP: 3/3
   227 | D:1      | Reached skill level 3 in Earth Magic
   371 | D:1      | Gained mutation: You regenerate a little health from kills.
                  | [demonic ancestry]
   371 | D:1      | Reached XP level 2. HP: 19/19 MP: 3/5
   891 | D:2      | Gained mutation: You are partially covered in molten
                  | scales. (AC +2) [demonic ancestry]
   891 | D:2      | Reached XP level 3. HP: 24/24 MP: 3/6
  1076 | D:2      | Reached skill level 4 in Earth Magic
  1177 | D:2      | Learned a level 2 spell: Passwall
  1181 | D:2      | Learned a level 3 spell: Stone Arrow
  1727 | D:3      | Reached skill level 1 in Conjurations
  1727 | D:3      | Gained mutation: You are partially covered in sharp spines.
                  | [demonic ancestry]
  1727 | D:3      | Reached XP level 4. HP: 22/30 MP: 2/7
  1897 | D:3      | Quit the game

Illustrated notes

Levels and vault maps discovered:
D:1:      dpeg_arrival_pits, layout_basic
D:2:      layout_basic, serial_bayou_lagoon_a, lexackson_kobold_supper
D:3:      layout_basic, mainiacjoe_overflow_six_doors_small,
          amcnicky_altar_gilded, ebering_ghost_sewer_d

Skill      XL: |  1  2  3 |
---------------+----------+-----
Earth Magic    | 3 4 |  4.3
Conjurations   | 1 |  1.3
Dodging        | |  1.7
Stealth        | |  1.7
Spellcasting   | |  2.2
Transmutations | |  0.8

Action                     |  1- 3 |  4- 6 || total
---------------------------+-------+-------++-------
  Melee: Unarmed           |    21 |       ||    21
   Cast: Sandblast         |    65 |     3 ||    68
    Use: Potion            |     3 |       ||     3
 Armour: Robe              |    23 |       ||    23
         Skin              |     7 |       ||     7
  Dodge: Dodged            |    34 |       ||    34

Table legend: (Time is in decaauts)
 A = Elapsed time spent in this place.
 B = Non-inter-level travel time spent in this place.
 C = Inter-level travel time spent in this place.
 D = Time resting spent in this place.
 E = Time spent auto-exploring this place.
 F = Levels seen in this place.
 G = Mean time per level.
                   A        B        C        D        E       F      G
               +--------+--------+--------+--------+--------+-----+--------+
         Total |   1939 |   1899 |     40 |      0 |   1556 |   3 |  646.3 |
       Dungeon |   1939 |   1899 |     40 |      0 |   1556 |   3 |  646.3 |
               +--------+--------+--------+--------+--------+-----+--------+

Top non-repeatable levels by time:
     D:2: 1062 daAuts
     D:1: 613 daAuts
     D:3: 264 daAuts
